cohdb
Replays
Latest Replays
All Replays
Popular Replays
Top Player Replays
Match Explorer
How It Works
Community
CoH3 Stats
Reddit
Sign in to upload your games and track your stats! →
Sign in with Steam
Match 44648281
Unlisted
Match 44648281
Overview
Messages
Build Orders
End
Royal Engineer Section
Construct Section Command Post
Selects Canadian Shock Battlegroup
Dingo Light Scout Car
Infantry Section
Infantry Section
Infantry Section
Construct Platoon Command Post
Selects Attacking Spirit
Selects Incendiary Munitions
Selects Canadian Shock Section
Humber Armored Car
Vickers Machine Gun Team
6-pounder Anti-tank Gun Team
Grenade Package
Construct Field Infirmary
Infantry Training
Selects Pyrotechnics
Infantry Section
Unlock M3 Stuart Light Tanks
M3 Stuart Light Tank
M3 Stuart Light Tank
Selects Demolition Engineering
M3 Stuart Light Tank
Light Vehicle Training
Canadian Shock Section
Demolition Engineering
M3 Stuart Light Tank
M3 Stuart Light Tank
Team Weapon Training
Construct Field Infirmary
Canadian Shock Section
Selects Smoke Operation
M3 Stuart Light Tank
M3 Stuart Light Tank
DrewP
Azakura
0
0
Comments
sign in to comment!
No comments posted yet!